Map: Acropolis LE

Players

Kelazhur - Winner!

  • Race: Terran Terran
  • Spawn Location: 11:00

Bly

  • Race: Zerg Zerg
  • Spawn Location: 5:00

Event: 2019 WCS Summer

VOD

Have the link to the VOD?

Description

Time

  • Played on: July 12, 2019, 2:48 p.m.
  • Length: 13:22

All games in this series

Show
View Real Time Build Order
Export as new Build Order

Kelazhur Terran - Winner!

Build Orders: Command Center First (CC) 

Get SALT Encoding   

  12  0:00  SCV  
  13  0:12  SCV  
  14  0:17  Supply Depot  
  14  0:25  SCV  
  15  0:38  SCV  
  16  0:50  SCV  
  17  0:57  Command Center  
  17  1:02  SCV  
  18  1:08  Refinery  
  18  1:14  Barracks  
  18  1:16  SCV  
  19  1:23  Refinery  
  19  1:28  SCV  
  19  1:29  Refinery  
  20  1:40  SCV  
  21  1:52  SCV  
  22  2:01  Reaper  
  22  2:05  Orbital Command  
  23  2:09  Orbital Command  
  23  2:20  Factory  
  23  2:30  SCV  
  23  2:35  Barracks Reactor  
  24  2:37  SCV  
  24  2:43  SCV  
  25  2:49  SCV  
  26  2:55  SCV  
  27  3:01  SCV  
  28  3:06  Supply Depot  
  28  3:07  SCV  
  29  3:14  Starport, Hellion x2  
  29  3:16  SCV  
  29  3:19  SCV  
  35  3:28  SCV  
  35  3:31  SCV  
  36  3:36  Hellion x2  
  36  3:40  SCV  
  41  3:43  SCV  
  42  3:51  Viking  
  42  3:52  Fusion Core  
  42  3:53  SCV  
  44  3:55  SCV  
  44  3:59  Supply Depot  
  45  4:05  SCV  
  46  4:11  Supply Depot  
  46  4:12  Barracks Tech Lab  
  46  4:16  Refinery  
  46  4:20  SCV x2  
  46  4:21  Hellion x2  
  52  4:30  Supply Depot  
  52  4:32  SCV x2  
  52  4:34  Supply Depot  
  54  4:39  Battlecruiser  
  54  4:45  SCV  
  61  4:47  SCV  
  61  4:50  Supply Depot  
  61  4:52  Hellion x2  
  66  4:57  SCV  
  66  4:58  Weapon Refit, Supply Depot  
  66  4:59  SCV  
  68  5:09  Armory, SCV  
  68  5:11  SCV  
  68  5:12  Supply Depot  
  68  5:13  Hellion x2  
  74  5:28  SCV x2  
  76  5:29  Command Center  
  76  5:30  Supply Depot  
  76  5:35  Hellion x2  
  80  5:44  Battlecruiser  
  86  5:50  Engineering Bay  
  86  5:53  SCV  
  86  5:56  Widow Mine x2  
  91  6:01  SCV  
  90  6:14  SCV x2  
  92  6:18  Missile Turret  
  92  6:19  Widow Mine x2, Missile Turret  
  92  6:26  SCV  
  92  6:31  Refinery, Factory  
  92  6:32  Factory  
  81  6:33  SCV  
  81  6:38  SCV  
  79  6:41  Widow Mine x2  
  79  6:45  Orbital Command, SCV  
  78  6:51  SCV  
  79  6:58  SCV  
  80  7:01  Missile Turret  
  80  7:03  Missile Turret, SCV  
  81  7:10  SCV  
  81  7:13  SCV  
  83  7:15  SCV  
  83  7:22  SCV  
  85  7:23  Factory  
  85  7:25  SCV  
  85  7:27  Factory Tech Lab, SCV  
  85  7:29  Supply Depot  
  87  7:34  SCV  
  88  7:37  SCV  
  88  7:40  SCV  
  88  7:43  Hellion x2  
  94  7:46  SCV  
  94  7:48  Cyclone  
  94  7:50  Orbital Command  
  98  7:52  Terran Vehicle Weapons Level 1  
  98  8:01  Factory Tech Lab  
  98  8:06  Factory Tech Lab, Hellion  
  98  8:07  Hellion  
  98  8:08  SCV x2  
  98  8:10  Missile Turret  
  104  8:17  SCV  
  104  8:18  Missile Turret  
  105  8:20  SCV  
  105  8:21  Refinery  
  105  8:23  Cyclone x2  
  105  8:25  Mag-Field Accelerator  
  105  8:26  SCV  
  113  8:29  SCV  
  113  8:32  Refinery, SCV  
  115  8:38  SCV  
  115  8:40  Cyclone  
  115  8:41  Hellion x2  
  121  8:44  Factory  
  121  8:45  SCV  
  122  8:49  Command Center, SCV  
  122  8:50  Supply Depot  
  122  8:51  SCV  
  124  8:57  SCV, Cyclone x2  
  124  9:01  Drilling Claws  
  131  9:08  Hellion  
  133  9:12  Hellion  
  133  9:13  SCV x2  
  133  9:14  SCV, Supply Depot  
  133  9:15  Supply Depot  
  138  9:18  Cyclone  
  138  9:20  Supply Depot  
  141  9:35  Cyclone x2  
  143  9:38  Missile Turret  
  143  9:41  Factory Reactor  
  144  9:47  Widow Mine x2  
  144  9:49  Terran Vehicle Weapons Level 2  
  144  9:50  Cyclone  
  144  9:57  Missile Turret  
  144  9:59  Armory  
  144  10:07  Cyclone  
  144  10:12  Cyclone  
  144  10:13  Hellion x2  
  154  10:17  Supply Depot  
  154  10:18  Supply Depot  
  154  10:19  Hellion x2  
  158  10:22  Cyclone  
  161  10:28  Factory x2  
  161  10:31  Factory  
  161  10:34  Supply Depot  
  161  10:36  Supply Depot  
  161  10:46  Cyclone x2  
  161  10:47  Hellion x4  
  161  10:49  SCV x3  
  178  10:50  Planetary Fortress  
  178  10:57  Infernal Pre-Igniter  
  178  11:01  SCV  
  179  11:05  SCV  
  179  11:06  SCV  
  179  11:08  Cyclone  
  174  11:13  SCV  
  175  11:23  Factory Tech Lab, Cyclone x2  
  175  11:24  Factory Tech Lab  
  179  11:28  Factory Reactor  
  179  11:38  Refinery x2  
  179  11:40  Missile Turret  
  171  11:56  Cyclone  
  171  11:57  Cyclone x2  
  171  12:00  Hellion  
  171  12:18  Hellion  
  171  12:19  Hellion x4  
  178  12:28  Command Center  
  178  12:29  Command Center  
  184  12:34  Hellion x2  
  184  13:00  Hellion  
  164  13:21  Starport  
Show
View Real Time Build Order
Export as new Build Order

Bly Zerg 

Build Orders: Hatch First 

Get SALT Encoding   

  12  0:01  Drone  
  13  0:12  Overlord  
  13  0:18  Drone  
  14  0:31  Drone x2  
  16  0:47  Hatchery  
  15  0:51  Drone  
  15  0:55  Drone  
  17  0:58  Drone  
  18  1:10  Extractor  
  17  1:13  Spawning Pool  
  17  1:17  Drone  
  17  1:21  Drone  
  18  1:28  Drone  
  19  1:38  Drone  
  20  1:49  Overlord  
  20  2:00  Queen x2  
  24  2:01  Zergling x4  
  26  2:11  Drone x2  
  26  2:13  Metabolic Boost  
  28  2:23  Drone x2  
  30  2:41  Queen  
  30  2:43  Drone x2, Overlord  
  34  2:56  Overlord  
  34  2:57  Lair  
  33  3:00  Zergling x4  
  35  3:08  Drone x2  
  37  3:17  Drone x5  
  42  3:21  Overlord  
  42  3:30  Overlord  
  42  3:31  Extractor x2  
  40  3:35  Overlord  
  40  3:36  Drone x2  
  42  3:41  Drone  
  42  3:46  Drone  
  44  3:50  Extractor  
  43  4:00  Drone x4  
  47  4:08  Spire  
  47  4:09  Overlord  
  46  4:14  Zergling x8  
  48  4:28  Drone x3  
  50  4:32  Drone x5  
  50  4:36  Overseer  
  55  4:42  Hatchery, Overlord  
  55  4:44  Drone  
  55  4:48  Zergling x2  
  56  5:06  Overlord  
  56  5:22  Mutalisk x5  
  56  5:23  Mutalisk  
  67  5:30  Mutalisk  
  69  5:36  Zergling x4, Queen  
  73  5:43  Zerg Flyer Weapons Level 1  
  73  5:45  Roach Warren  
  73  5:47  Mutalisk  
  74  5:52  Spore Crawler  
  71  5:58  Spore Crawler  
  71  5:59  Drone x8  
  77  6:05  Spore Crawler x2  
  77  6:10  Queen  
  73  6:12  Spore Crawler  
  73  6:13  Mutalisk  
  64  6:28  Drone x5  
  64  6:30  Spore Crawler  
  61  6:39  Mutalisk x2  
  59  6:52  Spore Crawler  
  59  6:53  Spore Crawler  
  59  6:54  Mutalisk  
  54  6:55  Drone x5  
  58  7:06  Drone x6  
  64  7:13  Spore Crawler  
  61  7:18  Mutalisk  
  64  7:27  Drone  
  64  7:28  Drone x2  
  64  7:29  Drone x3  
  70  7:32  Extractor, Queen  
  70  7:33  Queen  
  70  7:34  Extractor  
  72  7:38  Drone x4  
  76  7:45  Glial Reconstitution  
  76  7:48  Overlord  
  76  8:03  Drone x3  
  79  8:08  Corruptor x3  
  85  8:13  Drone x5  
  89  8:22  Corruptor x2  
  93  8:29  Overlord x2  
  88  8:41  Roach x4  
  88  8:42  Overlord x2  
  88  8:43  Overlord  
  96  8:52  Roach x5  
  106  8:58  Roach x3  
  106  8:59  Overseer  
  112  9:05  Overlord x2  
  112  9:17  Roach x7  
  120  9:36  Roach x4  
  120  9:37  Roach x3  
  126  9:48  Baneling Nest  
  126  9:51  Infestation Pit  
  118  10:00  Queen x2  
  118  10:04  Hatchery  
  121  10:08  Zergling x24  
  133  10:21  Ravager x4  
  134  10:22  Ravager, Overlord x2  
  138  10:30  Infestor x3, Overlord  
  144  10:54  Corruptor x6  
  145  11:04  Drone  
  145  11:05  Drone x3  
  131  11:23  Drone x6  
  135  11:29  Infestor x2  
  135  11:31  Ravager x3  
  142  11:41  Ravager  
  142  11:56  Extractor  
  134  12:01  Infestor x2  
  134  12:03  Zergling x10  
  137  12:08  Hatchery  
  125  12:27  Baneling x8  
  125  12:28  Ravager x2  
  126  12:31  Zergling x4  
  128  12:38  Drone x12, Extractor  
  131  13:04  Zergling x6  
  131  13:05  Zergling x8  
Tags
 
Add a new tag
Caveats
  • Supply blocks, unpowered buildings, or Contaminate may cause inaccurate times.
  • Supply counts are checked every 10 seconds.